 Dungeon Crawl Stone Soup version 0.23-a0-270-gab6feb3 (webtiles) character file.

34 Octopous the Chopper (level 3, -4/27 HPs)
             Began as a Demonspawn Gladiator on Sept 30, 2018.
             Slain by a worm (7 damage)
             ... on level 3 of the Dungeon.
             The game lasted 00:01:33 (713 turns).

Octopous the Chopper (Demonspawn Gladiator)          Turns: 713, Time: 00:01:34

Health: -4/27      AC:  8    Str: 15    XL:     3   Next: 14%
Magic:  3/3        EV: 12    Int: 14    God:
Gold:   72         SH:  0    Dex: 14    Spells: 2/2 levels left

rFire    + . .     SeeInvis .   a - +0 war axe
rCold    + . .     Gourm    .   (no shield)
rNeg     . . .     Faith    .   b - +1 leather armour
rPois    +         Spirit   .   c - +0 helmet
rElec    +         Reflect  .   (no cloak)
rCorr    +         Harm     .   (no gloves)
MR       .....                  e - +2 pair of boots {run}
Stlth    +.........             (no amulet)
HPRegen  0.09/turn              (no ring)
MPRegen  0.08/turn              (no ring)

@: brilliant, resistant, quick
A: claws 1
a: no special abilities


You were on level 3 of the Dungeon.
You were not hungry.

You visited 1 branch of the dungeon, and saw 3 of its levels.

You collected 72 gold pieces.

Inventory:

Hand Weapons
 a - a +0 war axe (weapon)
Missiles
 d - 3 throwing nets (quivered)
Armour
 b - a +1 leather armour (worn)
 c - a +0 helmet (worn)
 e - a +2 pair of boots of running (worn)
Jewellery
 h - an uncursed ring of poison resistance {unknown}
Scrolls
 m - a scroll of magic mapping {unknown}
 o - a scroll of teleportation
Comestibles
 f - a ration


   Skills:
 - Level 2.0 Fighting
 * Level 3.9 Axes
 - Level 1.7 Throwing
 - Level 2.6 Dodging


You had 2 spell levels left.
You didn't know any spells.
Your spell library was empty.

Dungeon Overview and Level Annotations

Branches:
Dungeon (3/15)

Altars:


Innate Abilities, Weirdness & Mutations

You have sharp fingernails.


Message History

The worm is heavily wounded.
You slash the ooze! The ooze hits you but does no damage.
The worm closely misses you.
You hit the worm.
The worm is severely wounded.
You hit the ooze. The ooze hits you but does no damage.
The worm bites you but does no damage.
You hit the worm.
The worm is severely wounded.
You barely miss the ooze.
Your surroundings suddenly seem different.
A worm is nearby!
The ooze quivers.
You slash the worm!
The worm is almost dead.
A kobold comes into view. It is wielding a club.
You hit the worm.
The worm is almost dead.
The worm bites you!
You die...

.. . # # .# . .. ..##
.# #. .?##.# #.. #....#
###..#####..#
#.........@.#
#####....#w###########.
#.##..J..(J§J...... #..
###..#########$. #.#
###.###### #.
#........# #.
#.[.<....# .
#....K...... #
###.......##


You could see a worm, an ooze and a kobold.

Vanquished Creatures
  2 oozes
  A dart slug (D:1)
  A leopard gecko (D:1)
  4 bats (D:1)
  6 goblins
  2 hobgoblins (D:1)
  3 kobolds (D:1)
  A rat (D:1)
20 creatures vanquished.

Notes
Turn   | Place    | Note
-------+----------+-------------------------------------------
     0 | D:1      | Octopous the Demonspawn Gladiator began the quest for the
                  | Orb.
     0 | D:1      | Reached XP level 1. HP: 16/16 MP: 1/1
     8 | D:1      | Identified a +2 pair of boots of running (You found it on
                  | level 1 of the Dungeon)
   124 | D:1      | Reached skill level 3 in Axes
   202 | D:1      | Gained mutation: You have sharp fingernails. [demonic
                  | ancestry]
   202 | D:1      | Reached XP level 2. HP: 17/22 MP: 2/2
   693 | D:3      | HP: 1/22 [ooze (3)]
   694 | D:3      | Reached XP level 3. HP: 1/27 MP: 3/3
   713 | D:3      | Slain by a worm

Vault maps used:
D:1:      matt_arrival_los_fun
D:2:      serial_glass, glass_columns_b, glass_columns_c, glass_columns_a,
          glass_columns_a, glass_columns_c, glass_columns_c, first_ration,
          minmay_distorted
D:3:      grunt_temple_overflow_champion_of_chaos, ebering_ghost_sewer_f,
          hangedman_ru_absence

Skill      XL: |  1 |
---------------+----+-----
Axes           | 3 |  3.9
Fighting       | |  2.0
Throwing       | |  1.7
Dodging        | |  2.6

Action                   || total
-------------------------++-------
Melee: War axe           ||    61
  Use: Potion            ||     3
       Scroll            ||     4
Armor: Leather armour    ||    29
Dodge: Dodged            ||    68

Table legend:
 A = Non-vault XP
 B = Vault XP
 C = Vault XP percentage of total XP
 D = Non-vault monster count
 E = Vault monster count
 F = Vault count percentage of total count
                 A         B        C        D         E       F
            +---------+---------+-------+---------+---------+-------
      Total |      49 |       0 |   0.0 |      20 |       0 |   0.0
            +---------+---------+-------+---------+---------+-------
        D:1 |      36 |       0 |   0.0 |      16 |       0 |   0.0
        D:2 |       2 |       0 |   0.0 |       1 |       0 |   0.0
        D:3 |      11 |       0 |   0.0 |       3 |       0 |   0.0
            +---------+---------+-------+---------+---------+-------
